 Dungeon Crawl Stone Soup version 0.22-a0-456-g11ed031 (webtiles) character file.

39 GameOver the Sneak (level 3, 0/28 HPs)
             Began as a Naga Wizard on June 6, 2018.
             Slain by a crimson imp (4 damage)
             ... on level 2 of the Dungeon.
             The game lasted 00:13:19 (1154 turns).

GameOver the Sneak (Naga Wizard)                    Turns: 1154, Time: 00:13:20

Health: 0/28       AC:  2    Str:  9    XL:     3   Next: 45%
Magic:  0/7        EV: 10    Int: 19    God:
Gold:   51         SH:  0    Dex:  9    Spells: 2/8 levels left

rFire    . . .     SeeInvis +   g - +0 spear
rCold    . . .     Gourm    .   (no shield)
rNeg     . . .     Faith    .   a - +0 robe
rPois    +         Spirit   .   b - +0 hat
rElec    .         Reflect  .   (no cloak)
rCorr    .         Harm     .   (no gloves)
MR       .....                  (no barding)
Stlth    ++........             (no amulet)
HPRegen  0.09/turn              (no ring)
MPRegen  0.10/turn              (no ring)

@: about to teleport, very slow
A: large, see invisible, deformed body, poison resistance, slowness 2, slow
metabolism 1, spit poison 1, AC +1
a: Spit Poison


You were on level 2 of the Dungeon.
You were not hungry.

You visited 1 branch of the dungeon, and saw 2 of its levels.

You collected 51 gold pieces.

Inventory:

Hand Weapons
 g - a +0 spear (weapon)
 q - a +0 hunting sling
Armour
 a - a +0 robe (worn)
 b - a +0 hat (worn)
 k - a +1 ring mail of poison resistance
Scrolls
 e - a scroll of identify {unknown}
 f - a scroll of remove curse {unknown}
 h - a scroll of immolation
 l - a scroll of blinking {unknown}
Potions
 i - a potion of haste
Comestibles
 d - 3 rations
 m - 3 chunks of flesh


   Skills:
 - Level 1.8 Dodging
 - Level 3.0 Stealth
 - Level 3.0 Spellcasting
 + Level 3.0 Conjurations
   Level 1.0 Summonings
 - Level 1.0 Translocations


You had 2 spell levels left.
You knew the following spells:

 Your Spells              Type           Power        Failure   Level  Hunger
a - Magic Dart            Conj           ##..         4%          1    None
b - Blink                 Tloc           N/A          16%         2    ##.....
d - Mephitic Cloud        Conj/Pois/Air  #.......     30%         3    ###....

Your spell library contained the following spells:

 Spells                   Type           Power        Failure   Level  Hunger
 Conjure Flame            Conj/Fire      #.......     24%         3    ###....
 Slow                     Hex            #.......     22%         2    ##.....
 Call Imp                 Summ           #.......     16%         2    ##.....


Dungeon Overview and Level Annotations

Branches:
Dungeon (2/15)

Altars:

Annotations:
D:2 1 runed door


Innate Abilities, Weirdness & Mutations

You cannot wear boots.
Your serpentine skin is tough. (AC +1)
You have supernaturally acute eyesight. (SInv)
Armour fits poorly on your strangely shaped body.
Your system is resistant to poisons. (rPois)
You cover ground very slowly.
You have a slow metabolism.
You can spit poison.


Message History

The crimson imp hits you.
* * * LOW HITPOINT WARNING * * *
The crimson imp hits you but does no damage.
Casting: Magic Dart (safe; 4% risk of failure)
Confirm with . or Enter, or press ? or * to list all spells.
Aiming: Magic Dart (safe; 4% risk of failure)
Press: ? - help, Shift-Dir - straight line, f/p - crimson imp
Aim: a crimson imp (heavily wounded)
The magic dart hits the crimson imp.
The crimson imp is severely wounded.
The crimson imp hits you.
* * * LOW HITPOINT WARNING * * *
As you read the scroll labeled GUYMIPY SAMM, it crumbles to dust.
The creatures around you are filled with an inner flame!
It was a scroll of immolation.
The crimson imp blinks!
Okay, then.
As you read the scroll labeled RIPPEH RI SUH, it crumbles to dust.
You feel strangely unstable.
It was a scroll of teleportation.
The crimson imp hits you.
You die...

#.# ...# #.###
##... #.#.. #####
#####.#.# ......#.#
......#.###
..........#
......#####.#.#####
............#...@5#
......#.#########.#
#######...#.(5..#.#
###.#.###.#.# ##
#.#ยง# #...# .#
#.#.# ##### .#
#####.#.#
.####......5#
.....)....###


You could see a crimson imp (inner flame).

Vanquished Creatures
  An adder (D:2)
  A dart slug (D:1)
  A bat (D:1)
  4 goblins
  6 hobgoblins
  3 frilled lizards (D:1)
  6 kobolds
  4 rats
26 creatures vanquished.

Notes
Turn   | Place    | Note
-------+----------+-------------------------------------------
     0 | D:1      | GameOver the Naga Wizard began the quest for the Orb.
     0 | D:1      | Reached XP level 1. HP: 15/15 MP: 4/4
    89 | D:1      | Reached XP level 2. HP: 22/22 MP: 0/6
   798 | D:2      | Reached XP level 3. HP: 28/28 MP: 3/7
   802 | D:2      | Learned a level 2 spell: Blink
   806 | D:2      | Learned a level 3 spell: Mephitic Cloud
   864 | D:2      | Found a runed door.
  1154 | D:2      | Slain by a crimson imp

Vault maps used:
D:1:      giann_forest_graveyard
D:2:      first_ration, uniq_crazy_yiuf_cottage

Skill      XL: |  1  2  3 |
---------------+----------+-----
Conjurations   | 2 3 |  3.0
Dodging        | |  1.8
Stealth        | |  3.0
Spellcasting   | |  3.0
Summonings     | |  1.0
Translocations | |  1.0

Action                   || total
-------------------------++-------
Melee: Spear             ||    62
 Cast: Magic Dart        ||    50
 Abil: Spit Poison       ||    18
  Use: Scroll            ||     2
       Potion            ||     2
  Eat: Chunk             ||     1
Armor: Robe              ||    12
Dodge: Dodged            ||    28

Table legend:
 A = Spawn XP
 B = Non-spawn XP
 C = Spawn XP percentage of total XP
 D = Spawn monster count
 E = Non-spawn monster count
 F = Spawn count percentage of total count
 G = Total turns spent on level
                    A         B        C        D         E        F      G
               +---------+---------+-------+---------+---------+-------+---------
         Total |       0 |      56 |   0.0 |       0 |      26 |   0.0 |  1154
               +---------+---------+-------+---------+---------+-------+---------
           D:1 |       0 |      29 |   0.0 |       0 |      18 |   0.0 |   761
           D:2 |       0 |      27 |   0.0 |       0 |       8 |   0.0 |   393
               +---------+---------+-------+---------+---------+-------+---------
